 Dungeon Crawl Stone Soup version 0.30-a0-639-g3916f1956a (webtiles) character file.

Game seed: 15103945946930004446

3363 pokeman the Thaumaturge (level 9, -8/51 HPs)
             Began as a Deep Elf Hedge Wizard on Jan 17, 2023.
             Was a Believer of Vehumet.
             Killed from afar by an oklob plant (36 damage)
             ... with a splash of acid
             ... on level 8 of the Dungeon.
             The game lasted 00:15:20 (7612 turns).

pokeman the Thaumaturge (Deep Elf Hedge Wizard)     Turns: 7612, Time: 00:15:20

Health: -8/51      AC:  6    Str:  7    XL:     9   Next: 73%
Magic:  26/26      EV: 13    Int: 24    God:    Vehumet [**....]
Gold:   520        SH:  5    Dex: 22    Spells: 23/31 levels left

rFire   . . .      SeeInvis +    x - +7 Throatcutter {drain, coup de grace}
rCold   . . .      Faith    .    (no shield)
rNeg    . . .      Spirit   .    u - +0 leather armour of Zaub {rElec rPois Dex+2}
rPois   +          Reflect  +    n - +1 hat
rElec   +          Harm     .    r - +0 cloak
rCorr   .          Rampage  .    (no gloves)
Will    .....                    D - +0 pair of boots
Stlth   +++                      l - amulet of reflection
HPRegen 0.28/turn                k - ring of see invisible
MPRegen 0.20/turn                q - +6 ring of dexterity

@: no status effects
A: no striking features
a: Renounce Religion


You were on level 8 of the Dungeon.
You worshipped Vehumet.
Vehumet was pleased with you.
You visited 2 branches of the dungeon, and saw 9 of its levels.

You collected 520 gold pieces.

Inventory:

Hand Weapons
 x - the +7 Throatcutter (weapon) {drain, coup de grace}
   (You found it on level 4 of the Dungeon)
Armour
 n - a +1 hat (worn)
 r - a +0 cloak (worn)
 u - the +0 leather armour of Zaub (worn) {rElec rPois Dex+2}
   (You found it on level 3 of the Dungeon)

   Dex:       It affects your dexterity (+2).
   rElec:     It insulates you from electricity.
   rPois:     It protects you from poison.
 D - a +0 pair of boots (worn)
Jewellery
 g - a ring of ice
 k - a ring of see invisible (left hand)
 l - an amulet of reflection (around neck)
 q - a +6 ring of dexterity (right hand)
Wands
 G - a wand of flame (26)
Scrolls
 b - 3 scrolls of immolation {unknown}
 c - a scroll of enchant armour {unknown}
 m - 4 scrolls of teleportation {unknown}
 o - 2 scrolls of amnesia {unknown}
 s - 4 scrolls of fear {unknown}
 t - a scroll of acquirement {unknown}
 v - a scroll of noise {unknown}
 w - a scroll of enchant weapon {unknown}
 y - 2 scrolls of identify {unknown}
 A - a scroll of silence {unknown}
 C - 2 scrolls of poison {unknown}
 E - a scroll of fog {unknown}
 F - a scroll of vulnerability {unknown}
Potions
 a - a potion of attraction {unknown}
 d - 2 potions of magic
 e - a potion of resistance {unknown}
 f - 4 potions of curing {unknown}
 h - 2 potions of haste {unknown}
 i - 2 potions of ambrosia {unknown}
 j - 3 potions of invisibility {unknown}
 p - 5 potions of heal wounds {unknown}
 z - a potion of flight {unknown}
 B - a potion of mutation {unknown}


   Skills:
 + Level 3.2 Fighting
 - Level 3.0 Armour
 - Level 3.0 Dodging
 - Level 3.1 Stealth
 * Level 11.8 Spellcasting
 + Level 7.8 Conjurations
 + Level 5.7 Summonings
 - Level 1.1 Translocations
 - Level 1.0 Air Magic
 - Level 1.1 Poison Magic


You had 23 spell levels left.
You knew the following spells:

 Your Spells              Type           Power      Damage    Failure   Level
a - Magic Dart            Conj           100%       1d8       1%          1
b - Mephitic Cloud        Conj/Pois/Air  30%        N/A       4%          3
c - Call Imp              Summ           42%        N/A       1%          2
d - Blink                 Tloc           38%        N/A       6%          2

Your spell library contained the following spells:

 Spells                   Type           Power      Damage    Failure   Level
 Poisonous Vapours        Pois/Air       38%        N/A       6%          2
 Hailstorm                Conj/Ice       33%        3d8       3%          3
 Slow                     Hex            56%        N/A       6%          1
 Cigotuvi's Dreadful Rot  Necr/Pois/Air  34%        N/A       7%          2
 Gell's Gravitas          Tloc           19%        N/A       12%         3
 Teleport Other           Tloc           19%        N/A       12%         3
 Confusing Touch          Hex            14%        N/A       19%         3
 Vampiric Draining        Necr           14%        2d7       19%         3
 Ice Form                 Ice/Tmut       14%        N/A       54%         4
 Dispersal                Tloc           9%         N/A       99%         6
 Simulacrum               Ice/Necr       7%         N/A       100%        6


Dungeon Overview and Level Annotations

Branches:
Dungeon (8/15)             Temple (1/1) D:5
   Lair: D:8-11

Altars:
Ashenzari
Dithmenos
Elyvilon
Fedhas
Gozag
Kikubaaqudgha
Makhleb
Nemelex Xobeh
Ru
Trog
Uskayaw
Vehumet
Wu Jian
The Shining One

Annotations:
D:8 exclusion: oklob plant


Message History

You kill the jelly!
Vehumet accepts your kill.
You slash the endoplasm!
You kill the endoplasm!
Vehumet accepts your kill. The endoplasm freezes you.
You are frozen.
The endoplasm jiggles.
You completely miss the endoplasm. The endoplasm freezes you.
You are frozen.
You slash the endoplasm!
You kill the endoplasm!
Vehumet accepts your kill. The endoplasm barely misses you.
You hit the endoplasm. You drain the endoplasm.
You kill the endoplasm!
Vehumet accepts your kill.
You hit the endoplasm.
You put the endoplasm out of its misery!
You kill the endoplasm!
Vehumet accepts your kill.
You hit the endoplasm but do no damage.
The endoplasm hits you but does no damage. x2
You hit the endoplasm but do no damage. You block the endoplasm's attack.
You slash the endoplasm!
You kill the endoplasm!
Vehumet accepts your kill. The oklob plant spits acid at you.
The splash of acid hits you!!
You swap places.
The oklob plant spits acid at you.
The splash of acid hits your white imp!!
The acid corrodes your white imp!
Your white imp dies!
Your white imp disappears in a puff of smoke!
The oklob plant spits acid at you. The splash of acid hits you!!!
Ouch! That really hurt!
You die...

#P....# #...#.#..
#..P..# #.####......
..... .##.# #.#.#..
#...##.##.####+#.#..
... #.##........#..
#ยง# #.##........#..
#.# #.##...........
#.###..........###.
#.@....#...........
###.............##.
#....#........##.
#....########.##.
#....# #.... #....#
##### ####.# #.# #.#
#


You could see an oklob plant.

Vanquished Creatures
  Grinder (D:3)
  A wyvern (D:8)
  Eustachio (D:5)
  A water moccasin (D:8)
  An ice beast (D:6)
  3 ogres
  2 black bears
  An orc warrior (D:7)
  3 centaurs
  A phantom (D:5)
  3 kobold brigands
  Blork the orc (D:6)
  A bullfrog (D:7)
  A necrophage (D:5)
  5 scorpions
  4 wights
  2 howler monkeys (D:7)
  An electric eel (D:6)
  3 hounds (D:5)
  9 jellies
  3 orc priests (D:7)
  3 iguanas
  4 orc wizards
  6 gnolls
  7 adders
  A white imp (D:7)
  A worm (D:3)
  A dart slug (D:5)
  19 orcs
  8 ball pythons
  10 bats
  13 endoplasms
  3 giant cockroaches
  7 goblins
  5 hobgoblins
  5 quokkas
  7 frilled lizards
  15 kobolds
  8 rats
171 creatures vanquished.

Vanquished Creatures (collateral kills)
  A white imp (D:7)
  A kobold (D:6)
2 creatures vanquished.

Vanquished Creatures (others)
  6 fungi (D:8)
6 creatures vanquished.

Grand Total: 179 creatures vanquished

Notes
Turn   | Place    | Note
-------+----------+-------------------------------------------
     0 | D:1      | pokeman the Deep Elf Hedge Wizard began the quest for the
                  | Orb.
     0 | D:1      | Reached XP level 1. HP: 10/10 MP: 7/7
   223 | D:1      | Reached XP level 2. HP: 16/16 MP: 2/9
   760 | D:1      | Reached skill level 5 in Spellcasting
  1202 | D:1      | Reached XP level 3. HP: 20/20 MP: 7/11
  1206 | D:1      | Learned a level 3 spell: Mephitic Cloud
  1209 | D:1      | Learned a level 2 spell: Call Imp
  1212 | D:1      | Learned a level 2 spell: Blink
  1343 | D:2      | Reached skill level 1 in Armour
  1460 | D:2      | Reached skill level 1 in Fighting
  2317 | D:3      | Found a faded altar of an unknown god.
  2341 | D:3      | Found a shadowy altar of Dithmenos.
  2351 | D:3      | Found a white marble altar of Elyvilon.
  2391 | D:3      | Reached XP level 4. HP: 25/25 MP: 6/13
  2722 | D:3      | Noticed a scorpion
  2737 | D:3      | Killed a scorpion
  2738 | D:3      | Reached skill level 6 in Spellcasting
  2738 | D:3      | Reached XP level 5. HP: 29/29 MP: 8/15
  2898 | D:3      | Noticed Grinder
  2920 | D:3      | Killed Grinder
  2921 | D:3      | Reached skill level 5 in Conjurations
  2921 | D:3      | Reached XP level 6. HP: 10/34 MP: 2/17
  3088 | D:3      | Identified the +0 leather armour of Zaub {rElec rPois
                  | Dex+2}
  3596 | D:4      | Found the +7 Throatcutter {drain, coup de grace}
  3612 | D:4      | Reached skill level 1 in Air Magic
  3612 | D:4      | Reached skill level 1 in Poison Magic
  3988 | D:5      | Entered Level 5 of the Dungeon
  4000 | D:5      | Reached XP level 7. HP: 38/38 MP: 13/19
  4219 | D:5      | Reached skill level 7 in Spellcasting
  4620 | D:5      | Found a staircase to the Ecumenical Temple.
  4635 | Temple   | Entered the Ecumenical Temple
  4662 | Temple   | Became a worshipper of Vehumet
  4843 | D:5      | Noticed Eustachio
  4845 | D:5      | Killed Eustachio
  4846 | D:5      | Reached skill level 8 in Spellcasting
  4925 | D:5      | Reached XP level 8. HP: 44/44 MP: 18/22
  5108 | D:5      | Reached skill level 9 in Spellcasting
  5265 | D:6      | Noticed Blork the orc
  5273 | D:6      | Killed Blork the orc
  5577 | D:6      | Reached skill level 10 in Spellcasting
  6131 | D:7      | Reached XP level 9. HP: 48/48 MP: 22/25
  6279 | D:7      | Found an ornate altar of the Wu Jian Council.
  6572 | D:7      | Reached * piety under Vehumet
  6572 | D:7      | Offered knowledge of Shock by Vehumet.
  6615 | D:7      | Reached skill level 5 in Summonings
  6779 | D:7      | Reached skill level 11 in Spellcasting
  7583 | D:8      | Noticed an oklob plant
  7593 | D:8      | Reached ** piety under Vehumet
  7594 | D:8      | Offered knowledge of Poisonous Vapours by Vehumet.
  7612 | D:8      | Killed from afar by an oklob plant

Illustrated notes

Levels and vault maps discovered:
D:1:      mrwooster_arrival_statue_2, layout_loops_ring
D:2:      layout_basic, amcnicky_mini_pool_small, roderic_three_in_a_row
D:3:      layout_rooms, minitemple, ebering_ecumenical_altar_mist,
          bh_walls_and_bars, uniq_grinder
D:4:      layout_loops_cross, grunt_decor_arrowhead,
          dilly_guarded_unrand_throatcut
D:5:      layout_loops_cross, temple_pool_b, uniq_eustachio
D:6:      layout_basic, minivault_4, uniq_blork_the_orc
D:7:      layout_loops_corners, old_standard_altar, minmay_circle_x
D:8:      lemuel_slime, layout_basic
Temple:   hc_temple_tempest_star

Skill      XL: |  1  2  3  4  5  6  7  8  9 |
---------------+----------------------------+-----
Spellcasting   | 5 6 8 10 11 | 11.8
Armour         | 1 2 3 |  3.0
Fighting       | 1 2 3 |  3.2
Conjurations   | 2 5 6 7 |  7.8
Dodging        | 3 |  3.0
Stealth        | 3 |  3.1
Air Magic      | 1 |  1.0
Poison Magic   | 1 |  1.1
Summonings     | 3 4 5 |  5.7
Translocations | |  1.1

Action                   |  1- 3 |  4- 6 |  7- 9 || total
-------------------------+-------+-------+-------++-------
Melee: Dagger            |     4 |    11 |       ||    15
       Long sword        |       |     6 |   128 ||   134
       Punch             |       |     1 |       ||     1
 Cast: Magic Dart        |   117 |    71 |   113 ||   301
       Mephitic Cloud    |       |     4 |    32 ||    36
       Call Imp          |       |     1 |     7 ||     8
       Blink             |       |       |     2 ||     2
 Stab: Sleeping          |     1 |     3 |       ||     4
       Confused          |       |     4 |    12 ||    16
Armor: Robe              |     6 |     1 |       ||     7
       Leather armour    |       |     1 |    25 ||    26
Dodge: Dodged            |    10 |     8 |    84 ||   102
Block: Other             |       |     3 |    22 ||    25
       Reflection        |       |     1 |     2 ||     3

Table legend: (Time is in decaauts)
 A = Elapsed time spent in this place.
 B = Non-inter-level travel time spent in this place.
 C = Inter-level travel time spent in this place.
 D = Time resting spent in this place.
 E = Time spent auto-exploring this place.
 F = Levels seen in this place.
 G = Mean time per level.
                   A        B        C        D        E       F      G
               +--------+--------+--------+--------+--------+-----+--------+
         Total |   7664 |   7414 |    250 |    224 |   6112 |   9 |  851.6 |
       Dungeon |   7624 |   7395 |    229 |    224 |   6100 |   8 |  953.0 |
        Temple |     39 |     18 |     21 |      0 |     12 |   1 |   39.0 |
               +--------+--------+--------+--------+--------+-----+--------+

Top non-repeatable levels by time:
     D:1: 1326 daAuts
     D:7: 1268 daAuts
     D:5: 997 daAuts
     D:2: 972 daAuts
     D:4: 939 daAuts
     D:3: 883 daAuts
     D:6: 837 daAuts
     D:8: 399 daAuts
  Temple: 39 daAuts
